 Dungeon Crawl Stone Soup version 0.24-a0-584-g9d6b971ae4 (webtiles) character file.

Game seed: 12621538870978128729, levelgen mode: deterministic

126 GameOver the Conjurer (level 5, 0/42 HPs)
             Began as a Naga Wizard on Aug 31, 2019.
             Slain by an ogre
             ... wielding a +0 giant club
              (17 damage)
             ... on level 3 of the Dungeon.
             The game lasted 00:07:35 (1444 turns).

GameOver the Conjurer (Naga Wizard)                 Turns: 1444, Time: 00:07:36

Health: 0/42       AC:  2    Str:  9    XL:     5   Next: 10%
Magic:  0/9        EV: 10    Int: 19    God:
Gold:   131        SH:  0    Dex: 10    Spells: 1/10 levels left

rFire    . . .     SeeInvis +   g - +0 short sword
rCold    . . .     Gourm    .   (no shield)
rNeg     . . .     Faith    .   a - +0 robe
rPois    +         Spirit   .   b - +0 hat
rElec    .         Reflect  .   (no cloak)
rCorr    .         Harm     .   (no gloves)
MR       .....                  (no barding)
Stlth    ++........             (no amulet)
HPRegen  0.14/turn              (no ring)
MPRegen  0.11/turn              (no ring)

@: short of breath, very slow
A: large, see invisible, deformed body, poison resistance, slowness 2, slow
metabolism 1, spit poison 1, AC +1
a: Spit Poison


You were on level 3 of the Dungeon.
You were not hungry.

You visited 1 branch of the dungeon, and saw 3 of its levels.

You collected 131 gold pieces.

Inventory:

Hand Weapons
 c - a +0 club
 g - a +0 short sword (weapon)
 q - a +0 fustibalus
Missiles
 e - 105 arrows
Armour
 a - a +0 robe (worn)
 b - a +0 hat (worn)
Jewellery
 m - a cursed ring of ice {unknown}
Scrolls
 f - 5 scrolls of identify {unknown}
 i - 2 scrolls of teleportation {unknown}
 l - a scroll of fog {unknown}
 p - 3 scrolls of remove curse {unknown}
Potions
 h - 2 potions of heal wounds {unknown}
 j - a potion of agility {unknown}
 k - 2 potions of invisibility {unknown}
 n - 2 potions of curing {unknown}
Comestibles
 d - 6 rations
 o - 6 chunks of flesh


   Skills:
 - Level 1.5 Dodging
 - Level 3.0 Stealth
 - Level 3.0 Spellcasting
 + Level 4.7 Conjurations
   Level 1.0 Summonings
 - Level 1.0 Translocations


You had one spell level left.
You knew the following spells:

 Your Spells              Type           Power        Failure   Level  Hunger
a - Magic Dart            Conj           ###.         2%          1    None
b - Blink                 Tloc           N/A          16%         2    ##.....
d - Mephitic Cloud        Conj/Pois/Air  #.......     24%         3    ###....
f - Conjure Flame         Conj/Fire      ##......     17%         3    ###....

Your spell library contained the following spells:

 Spells                   Type           Power        Failure   Level  Hunger
 Call Imp                 Summ           #.......     16%         2    ##.....
 Slow                     Hex            #.......     22%         2    ##.....


Dungeon Overview and Level Annotations

Branches:
Dungeon (3/15)

Altars:
Elyvilon


Innate Abilities, Weirdness & Mutations

You cannot wear boots.
Your serpentine skin is tough. (AC +1)
You have supernaturally acute eyesight. (SInv)
Armour fits poorly on your strangely shaped body.
Your system is resistant to poisons. (rPois)
You cover ground very slowly.
You have a slow metabolism.
You can spit poison.


Message History

Aim: an ogre, wielding a +0 giant club (heavily wounded, confused)
The splash of poison misses the ogre.
You feel slightly more hungry.
You hit the ogre.
The ogre is severely wounded.
You hit the ogre.
The ogre is severely wounded.
The ogre seems less confused.
The ogre hits you with a +0 giant club!!
Ouch! That really hurt!
Casting: Mephitic Cloud (safe; 24% risk of failure)
Confirm with . or Enter, or press ? or * to list all spells.
Aiming: Mephitic Cloud (safe; 24% risk of failure)
Press: ? - help, Shift-Dir - straight line, f/p - ogre
Aim: an ogre, wielding a +0 giant club (severely wounded)
The ball explodes into a vile cloud!
The stinking cloud engulfs the ogre but does no damage.
The ogre is severely wounded.
The stinking cloud engulfs you but does no damage.
The ogre is engulfed in noxious fumes.
The ogre hits you with a +0 giant club!
You die...

####### #.....#
##########
#.....########.........
#.....†................
#.....#................
#.....#................
#.....#.........##.....
##.....####+............
#......@☼..+............
#.....○O..##............
#.....○.#.###....##.....
#......##...#....####...
#)....>.....÷......#####
######...........#......
#...##...............#..
#...##..................
#.................#..#..


You could see an ogre.

Vanquished Creatures
  A scorpion (D:3)
  3 adders
  A dart slug (D:3)
  2 leopard geckos (D:1)
  An orc (D:3)
  7 bats
  2 giant cockroaches
  3 goblins
  5 hobgoblins
  4 jackals (D:3)
  5 kobolds
  A quokka (D:2)
  5 frilled lizards
  2 rats (D:1)
42 creatures vanquished.

Notes
Turn   | Place    | Note
-------+----------+-------------------------------------------
     0 | D:1      | GameOver the Naga Wizard began the quest for the Orb.
     0 | D:1      | Reached XP level 1. HP: 15/15 MP: 4/4
   142 | D:1      | Reached skill level 2 in Conjurations
   142 | D:1      | Reached XP level 2. HP: 22/22 MP: 6/6
   646 | D:2      | Reached XP level 3. HP: 24/28 MP: 2/7
   650 | D:2      | Learned a level 2 spell: Blink
   654 | D:2      | Learned a level 3 spell: Mephitic Cloud
   663 | D:2      | Reached skill level 3 in Conjurations
  1054 | D:3      | Found a white marble altar of Elyvilon.
  1160 | D:3      | Found a faded altar of an unknown god.
  1205 | D:3      | Reached XP level 4. HP: 36/36 MP: 8/8
  1229 | D:3      | Learned a level 3 spell: Conjure Flame
  1237 | D:3      | Reached skill level 4 in Conjurations
  1284 | D:3      | Reached XP level 5. HP: 42/42 MP: 9/9
  1426 | D:3      | Noticed an ogre
  1444 | D:3      | Slain by an ogre

Levels and vault maps discovered:
D:1:      ebering_trefoil_3fold, layout_loops_ring
D:2:      layout_rooms
D:3:      layout_basic, elyvilon_altar_3, chequers_ecumenical_altar_island,
          columned_hall_lemuel

Skill      XL: |  1  2  3  4 |
---------------+-------------+-----
Conjurations   | 2 3 4 |  4.7
Dodging        | |  1.5
Stealth        | |  3.0
Spellcasting   | |  3.0
Summonings     | |  1.0
Translocations | |  1.0

Action                   |  1- 3 |  4- 6 || total
-------------------------+-------+-------++-------
Melee: Mace              |     2 |       ||     2
       Short sword       |     1 |     2 ||     3
 Cast: Magic Dart        |    41 |    16 ||    57
       Mephitic Cloud    |       |     3 ||     3
 Abil: Spit Poison       |    22 |    12 ||    34
  Eat: Chunk             |     2 |     1 ||     3
Armor: Robe              |     3 |     1 ||     4
Dodge: Dodged            |    15 |     5 ||    20

Table legend:
 A = Non-vault XP
 B = Vault XP
 C = Vault XP percentage of total XP
 D = Non-vault monster count
 E = Vault monster count
 F = Vault count percentage of total count
                 A         B        C        D         E       F
            +---------+---------+-------+---------+---------+-------
      Total |     181 |       0 |   0.0 |      42 |       0 |   0.0
            +---------+---------+-------+---------+---------+-------
        D:1 |      24 |       0 |   0.0 |      13 |       0 |   0.0
        D:2 |      22 |       0 |   0.0 |       7 |       0 |   0.0
        D:3 |     135 |       0 |   0.0 |      22 |       0 |   0.0
            +---------+---------+-------+---------+---------+-------
